 Dungeon Crawl Stone Soup version 0.29-a0-284-gf9362112df (webtiles) character file.

Game seed: 1828655834324599630

46 Dabor the Ducker (level 3, -3/36 HPs)
             Began as a Troll Fighter on Mar 15, 2022.
             Slain by a large abomination (16 damage)
             ... on level 2 of the Abyss.
             The game lasted 00:02:34 (907 turns).

Dabor the Ducker (Troll Fighter)                     Turns: 907, Time: 00:02:34

Health: -3/36      AC:  4    Str: 26    XL:     3   Next: 44%
Magic:  2/2        EV:  8    Int:  4    God:
Gold:   13         SH:  7    Dex:  9    Spells: 2/2 levels left

rFire   . . .      SeeInvis .   a - +0 flail
rCold   . . .      Faith    .   c - +0 kite shield
rNeg    . . .      Spirit   .   b - +0 robe
rPois   .          Reflect  .   (helmet restricted)
rElec   .          Harm     .   (no cloak)
rCorr   .          Rampage  .   (gloves unavailable)
Will    .....      Rage     1%  (boots unavailable)
Stlth   +.........              (no amulet)
HPRegen 0.92/turn               (no ring)
MPRegen 0.08/turn               (no ring)

@: no status effects
A: large, unfitting armour, claws 3, regeneration 1, shaggy fur 1, tough skin 1,
berserk 1, high MP 1
a: no special abilities


You were on level 2 of the Abyss.
You visited 1 branch of the dungeon, and saw 1 of its levels.
You visited the Abyss 1 time.

You collected 13 gold pieces.

Inventory:

Hand Weapons
 a - a +0 flail (weapon)
Armour
 b - a +0 robe (worn)
 c - a +0 kite shield (worn)
Potions
 d - a potion of might


   Skills:
 + Level 2.8 Fighting
 + Level 2.3 Maces & Flails
 + Level 1.0 Armour
 + Level 2.8 Dodging
 - Level 2.4 Shields


You had 2 spell levels left.
You didn't know any spells.
Your spell library was empty.

Dungeon Overview and Level Annotations

Branches:
Dungeon (1/15)

Altars:
Lugonu


Innate Abilities, Weirdness & Mutations

You are too large for most types of armour.
You have claws for hands.
Your natural rate of healing is unusually fast.
You are covered in fur. (AC +1)
You have tough skin. (AC +1)
You tend to lose your temper in combat.
You have an increased reservoir of magic. (+10% MP)


Message History

You hit the jackal but do no damage.
The jackal is heavily wounded.
The jackal bites you but does no damage. x2
You closely miss the jackal.
The jackal is heavily wounded.
The jackal bites you. x2
Lugonu draws you home! Lugonu sends minions to punish you.
A small abomination comes into view.
You closely miss the jackal.
The jackal is heavily wounded.
You are cast into the Abyss!
To return, you must find a gate leading back.
Killing monsters will force the Abyss to allow you passage.
This branch contains the abyssal rune of Zot.
Found a corrupted altar of Lugonu.
You enter the shallow water.
Moving in this stuff is going to be slow.
Lugonu's wrath scatters you! Lugonu sends minions to punish you.
A small abomination comes into view.
There is an open door here.
There is an open door here.
A large abomination comes into view.
As you read the scroll labelled ERISUUJONU, it crumbles to dust.
Your body is wracked with pain!
It was a scroll of torment.
It was a potion of mutation.
You feel extremely strange.
You feel a little pissed off.
You feel more energetic. The small abomination hits you!
* * * LOW HITPOINT WARNING * * *
You sock the small abomination!
The small abomination is moderately damaged.
The small abomination closely misses you.
You block the large abomination's attack.
You hit the small abomination.
The small abomination is moderately damaged.
The large abomination closely misses you.
The small abomination closely misses you.
You sock the small abomination!
The small abomination is severely damaged.
The large abomination hits you!
You die...

##### #
#@X.#
#x#.#
#.#.### ..
#.#.#...#
#..
##.#.####X
..# #..
....# #...
### ..##.
### .#.
..... .
.......'##


You could see a large abomination and a small abomination.

Vanquished Creatures
  2 dart slugs (D:1)
  4 ball pythons (D:1)
  An endoplasm (D:1)
  A goblin (D:1)
  7 hobgoblins (D:1)
  7 jackals (D:1)
  5 kobolds (D:1)
  2 quokkas (D:1)
  4 bats (D:1)
  A frilled lizard (D:1)
  4 rats (D:1)
38 creatures vanquished.

Notes
Turn   | Place    | Note
-------+----------+-------------------------------------------
     0 | D:1      | Dabor the Troll Fighter began the quest for the Orb.
     0 | D:1      | Reached XP level 1. HP: 22/22 MP: 0/0
    77 | D:1      | Reached XP level 2. HP: 27/29 MP: 1/1
   375 | D:1      | Reached XP level 3. HP: 35/35 MP: 2/2
   434 | D:1      | Reached skill level 1 in Armour
   607 | D:1      | Found a faded altar of an unknown god.
   765 | D:1      | Prayed at the altar of an unknown god.
   765 | D:1      | Became a worshipper of Lugonu the Unformed
   765 | D:1      | Reached * piety under Lugonu
   765 | D:1      | Reached ** piety under Lugonu
   766 | D:1      | Fell from the grace of Lugonu
   839 | D:1      | Noticed a small abomination
   839 | D:1      | Cast into level 2 of the Abyss (Lugonu's touch)
   842 | Abyss:2  | Found a corrupted altar of Lugonu.
   860 | Abyss:2  | Noticed a small abomination
   897 | Abyss:2  | Noticed a large abomination
   903 | Abyss:2  | Gained mutation: You tend to lose your temper in combat.
                  | [potion of mutation]
   903 | Abyss:2  | Gained mutation: You have an increased reservoir of magic.
                  | (+10% MP) [potion of mutation]
   907 | Abyss:2  | Slain by a large abomination

Illustrated notes

Levels and vault maps discovered:
D:1:      nicolae_arrival_somewhat_less_tricky_arrival, layout_basic,
          hellmonk_ecumenical_altar_inner_sanctum, hangedman_glass_teeth
Abyss:2:  base:
D:1

Skill      XL: |  1  2  3 |
---------------+----------+-----
Maces & Flails | 2 |  2.3
Armour         | 1 |  1.0
Fighting       | |  2.8
Dodging        | |  2.8
Shields        | |  2.4

Action                   || total
-------------------------++-------
Melee: Flail             ||   139
Invok: Renounce Religion ||     1
  Use: Scroll            ||     1
       Potion            ||     1
Armor: Robe              ||    89
Dodge: Dodged            ||   104
Block: Kite shield       ||   102

Table legend: (Time is in decaauts)
 A = Elapsed time spent in this place.
 B = Non-inter-level travel time spent in this place.
 C = Inter-level travel time spent in this place.
 D = Time resting spent in this place.
 E = Time spent auto-exploring this place.
 F = Levels seen in this place.
 G = Mean time per level.
                   A        B        C        D        E       F      G
               +--------+--------+--------+--------+--------+-----+--------+
         Total |    967 |    884 |     83 |      0 |    532 |   2 |  483.5 |
       Dungeon |    897 |    814 |     83 |      0 |    532 |   1 |  897.0 |
         Abyss |     69 |     69 |      0 |      0 |      0 |   1 |   69.0 |
               +--------+--------+--------+--------+--------+-----+--------+

Top non-repeatable levels by time:
     D:1: 897 daAuts
 Abyss:2: 69 daAuts
